 Dungeon Crawl Stone Soup version 0.31.0-4-g52a2dc7128 (webtiles) character file.

Game seed: 2089469617027813245

55734 Cheops the Impaler (level 15, -12/88 (99) HPs)
             Began as a Formicid Fighter on Jan 22, 2024.
             Was a High Priest of Ru.
             Killed from afar by a jorogumo (27 damage)
             ... with a bolt of negative energy
             ... on level 3 of the Lair of Beasts on Jan 23, 2024.
             The game lasted 01:20:23 (22234 turns).

Cheops the Impaler (Formicid Fighter)              Turns: 22234, Time: 01:20:24

HP:   -12/88 (99)   AC: 20    Str: 32    XL:     15   Next: 19%
MP:   12/15         EV: 13    Int: 11    God:    Ru [*****.]
Gold: 1199          SH: 13    Dex: 13    Spells: 14/14 levels left

rFire   + + .        a - +2 glaive (flame)
rCold   . . .        W - +2 kite shield
rNeg    . . .        Y - +2 chain mail {rF+}
rPois   +            (helmet unavailable)
rElec   +            E - +0 cloak
rCorr   +            y - +1 pair of gloves "Dafis" {Int+3}
SInv    +            F - +0 pair of boots
Will    +....        v - amulet of the Air {Inacc Air Fly rElec RMsl} Stlth
                     B - ring "Moerosk" {rF+ EV+5 Str+4 Stlth+}
HPRegen 0.00/turn    T - +4 ring of protection
MPRegen 0.14/turn

%: inaccuracy (-5), repel missiles
@: lethally poisoned (-12 -> -18), resistant, flying, inhibited regen, studying
Summonings, heavily drained
A: permanent stasis, dig shafts and tunnels, antennae 3, frail 1, no stealth, no
air magic, no necromancy magic, no alchemy magic, temperature sensitive, four
strong arms, sense surroundings 1, inhibited regeneration
a: Dig, Shaft Self, Renounce Religion, Draw Out Power, Power Leap, Apocalypse


You were on level 3 of the Lair of Beasts.
You worshipped Ru.
Ru was extremely pleased with you.
You visited 3 branches of the dungeon, and saw 19 of its levels.
You also visited: Gauntlet and Volcano.

You collected 1199 gold pieces.

Inventory:

Hand Weapons
 a - a +2 glaive of flaming (weapon)
 b - the +9 longbow of False Accusations {speed, rPois Str+4 Int+3}
   (You found it on level 7 of the Dungeon)

   Str+4:     It affects your strength (+4).
   Int+3:     It affects your intelligence (+3).
   rPois:     It protects you from poison
 I - a +4 trident of draining
 R - a +1 scythe of freezing
Missiles
 K - 4 throwing nets
Armour
 y - the +1 pair of gloves "Dafis" (worn) {Int+3}
   (You found it in a volcano)

   Int+3:     It affects your intelligence (+3).
 E - a +0 cloak (worn)
 F - a +0 pair of boots (worn)
 L - a +0 plate armour
 W - a +2 kite shield (worn)
 Y - a +2 chain mail of fire resistance (worn)
Magical Staves
 t - a staff of cold
 S - a staff of air
Jewellery
 p - a ring of poison resistance
 v - the amulet of the Air (around neck) {Inacc Air Fly rElec RMsl}
   (You found it in a Gauntlet)

   [amulet of nothing]

   Inacc:     It reduces the accuracy of your attacks and spells.
   Air:       It enhances your air magic.
   rElec:     It insulates you from electricity.
   Fly:       It grants you flight.
   RMsl:      It protects you from missiles.
 B - the ring "Moerosk" (left hand) {rF+ EV+5 Str+4 Stlth+}
   (You found it on level 3 of the Lair of Beasts)

   [ring of evasion]

   EV+5:      It affects your evasion (+5).
   Str+4:     It affects your strength (+4).
   rF+:       It protects you from fire.
   Stlth+:    It makes you more stealthy.
 C - an amulet of regeneration
 Q - a +6 ring of strength
 T - a +4 ring of protection (right hand)
 V - a ring of resist corrosion
Wands
 d - a wand of flame (88)
 x - a wand of mindburst (8)
 D - a wand of paralysis (8)
 G - a wand of iceblast (26)
 O - a wand of polymorph (14)
 P - a wand of acid (23)
Scrolls
 e - 4 scrolls of immolation
 j - 4 scrolls of fog
 l - 2 scrolls of vulnerability
 o - a scroll of enchant weapon
 s - a scroll of torment
 H - 2 scrolls of poison
 M - 2 scrolls of fear
 Z - 2 scrolls of silence
Potions
 c - a potion of magic {unknown}
 f - 2 potions of ambrosia
 h - 3 potions of degeneration {unknown}
 i - 3 potions of enlightenment {unknown}
 k - a potion of haste {unknown}
 m - 3 potions of resistance
 n - a potion of invisibility {unknown}
 q - 3 potions of heal wounds
 r - a potion of cancellation {unknown}
 u - 2 potions of lignification {unknown}
 w - 2 potions of berserk rage {unknown}
 z - 2 potions of brilliance {unknown}
 A - 4 potions of mutation
 J - 3 potions of might
 N - 5 potions of curing {unknown}
 X - a potion of attraction {unknown}
Miscellaneous
 g - a phial of floods
 U - a sack of spiders


   Skills:
 - Level 8.0 Fighting
 + Level 17.8 Polearms
 - Level 13.0 Ranged Weapons
 - Level 5.0 Armour
 - Level 10.3 Shields
 - Level 9.0 Evocations


You had 14 spell levels left.
You didn't know any spells.
Your spell library contained the following spells:

 Spells                   Type           Power      Damage    Failure   Level
 Apportation              Tloc           0%         N/A       89%         1
 Slow                     Hex            0%         N/A       89%         1
 Call Imp                 Summ           0%         N/A       96%         2
 Ensorcelled Hibernation  Hex/Ice        0%         N/A       96%         2
 Confusing Touch          Hex            0%         N/A       99%         3
 Dazzling Flash           Conj/Hex       0%         N/A       99%         3
 Hailstorm                Conj/Ice       0%         3d5       99%         3
 Sigil of Binding         Hex            0%         N/A       99%         3
 Summon Ice Beast         Ice/Summ       0%         N/A       99%         3
 Passage of Golubria      Tloc           0%         N/A       100%        4
 Summon Hydra             Summ           0%         N/A       100%        7
 Necrotise                Necr           Unusable   1d4       N/A         1
 Mercury Vapours          Alch/Air       Unusable   N/A       N/A         2
 Sublimation of Blood     Necr           Unusable   N/A       N/A         2
 Fugue of the Fallen      Necr           Unusable   N/A       N/A         3
 Mephitic Cloud           Conj/Alch/Air  Unusable   N/A       N/A         3
 Vampiric Draining        Necr           Unusable   2d6       N/A         3
 Anguish                  Hex/Necr       Unusable   N/A       N/A         4
 Martyr's Knell           Necr/Summ      Unusable   N/A       N/A         4
 Vhi's Electric Charge    Tloc/Air       Unusable   N/A       N/A         4
 Curse of Agony           Necr           Unusable   N/A       N/A         5
 Freezing Cloud           Conj/Ice/Air   Unusable   6-21      N/A         5
 Silence                  Hex/Air        Unusable   N/A       N/A         5
 Sculpt Simulacrum        Ice/Alch       Unusable   N/A       N/A         6

Dungeon Overview and Level Annotations

Branches:
Dungeon (15/15)            Temple (1/1) D:4            Lair (3/5) D:10
  Swamp (0/4) Lair:3        Snake (0/4) Lair:3          Orc (0/2) D:11
 Depths (0/4) D:15        Volcano (visited)         Gauntlet (visited)
 Vaults: D:13-14

Altars:
Ashenzari
Cheibriados
Dithmenos
Elyvilon
Fedhas
Gozag
Hepliaklqana
Kikubaaqudgha
Makhleb
Nemelex Xobeh
Okawaru
Qazlal
Ru
Sif Muna
Trog
Uskayaw
Vehumet
Wu Jian
Xom
Yredelemnul
Zin
The Shining One

Shops:
D:6 (   D:7 [   D:12 (

Annotations:
D:9 2 transporters


Innate Abilities, Weirdness & Mutations

You cannot be hasted, slowed, berserked, paralysed or teleported.
You can dig through walls and to a lower floor.
You have a pair of large antennae on your head. (SInv)
You are frail. (-10% HP)
You cannot be stealthy.
You cannot study or cast Air magic.
You cannot study or cast Necromancy magic.
You cannot study or cast Alchemy magic.
You are sensitive to extremes of temperature. (rF-, rC-)
Your four strong arms can wield two-handed weapons with a shield.
You passively map a small area around you.
You do not regenerate when monsters are visible.


Message History

The bolt of negative energy hits you!!
You feel drained.
* * * LOW HITPOINT WARNING * * *
Unknown command.
Unknown command.
Unknown command.
Unknown command.
You feel much better.
You feel very sick.
The jorogumo begins to cast a spell, but is stunned by your conviction!
Okay, then.
Aiming: Paralyse
Press: ? - help, Shift-Dir - straight line, f/p - jorogumo
Aim: a jorogumo (heavily wounded, blind, unable to see you, chance to affect: 34%)
Okay, then.
Unknown command.
It was a potion of resistance.
You feel protected.
You feel very sick.
The jorogumo begins to cast a spell, but is stunned by your conviction!
It was a potion of mutation.
You feel extremely strange.
Your regeneration stops near monsters.
You feel a strange attunement to the structure of the dungeons.
You feel very sick.
The jorogumo hits you but does no damage.
The jorogumo barely misses you.
The web tears apart.
You feel less exhausted.
You feel sick. The jorogumo barely misses you.
Unknown command.
Unknown command.
Unknown command.
Unknown command.
You closely miss the jorogumo.
The jorogumo is moderately wounded.
You feel sick. The jorogumo casts a spell at you.
The bolt of negative energy hits you!!
You feel drained.
You die...

.....#.....P.....###.........#...
...........#...........8...#.....
,..,.........##..P.#.......#.....
,,,........P.##....#.8...8.#.....
,,,,,..............#.......#†....
,,,,,,.................8....†....
*,,,,,,...........#.........#....
**,,,,,.,..#...H##.....##...##...
***,*,..##....#@....####....#.†#
*,,,........+[8†.##.......##.#
**,,...........##......#...#..
********#.......#+.#......#...#..
,,,,,,,...........##§§§.§.##..##.
,,,,,,,......###..##§§§§§###...#.
,,,,,,,[.......#..##§§§§.§.#.<.##
*******##...........§§§§.§§#^..#*
,,,,,,,............§§§.§....##.#,


You could see a jorogumo (blind, unable to see you).

Vanquished Creatures
  Gastronok (Lair:1)
  A minotaur (Gauntlet)
  A green death (Gauntlet)
  Josephine (D:12)
  An ogre mage (D:15)
  A catoblepas (Gauntlet)
  Erica (D:9)
  3 centaur warriors
  4 boulder beetles
  13 two-headed ogres
  A fire crab (Volcano)
  A swamp dragon (Lair:3)
  A bog body (Lair:3)
  An arcanist (Gauntlet)
  Pikel (D:4)
  An orc knight (D:14)
  2 deep elf pyromancers
  An ugly thing (D:11)
  4 manticores
  3 black mambas
  5 orange demons
  An ice statue (Lair:3)
  6 elephants (Lair:2)
  4 gargoyles
  An unseen horror (D:11)
  Jeremiah (Lair:1)
  5 cane toads
  3 rime drakes (Lair:3)
  A freezing wraith (D:14)
  2 ice devils (Lair:3)
  7 komodo dragons
  4 trolls
  Grinder (D:4)
  A polar bear (Lair:1)
  Prince Ribbit (D:8)
  5 blink frogs (Lair:1)
  A hornet (D:9)
  5 dream sheep (Lair:3)
  2 vampires
  Sigmund (D:2)
  42 yaks
  6 wraiths
  3 wyverns
  4 fire bats (Volcano)
  A warg (D:14)
  A death yak simulacrum (Lair:3)
  A steam dragon (Lair:2)
  5 vampire mosquitoes
  A harpy simulacrum (Lair:3)
  An acid dragon (D:11)
  2 nagas (Lair:3)
  13 water moccasins
  11 orc warriors
  2 laughing skulls (D:14)
  2 ice beasts
  4 ogres
  A black bear (Lair:1)
  12 centaurs
  12 wolves
  A lemure (D:4)
  A kobold brigand (D:9)
  10 bullfrogs
  A gnoll sergeant (D:8)
  8 scorpions
  An entropy weaver simulacrum (Lair:3)
  A water moccasin zombie (D:4)
  5 wights (D:8)
  A cane toad simulacrum (Lair:3)
  An elephant simulacrum (Lair:3)
  10 killer bees
  3 howler monkeys (D:10)
  4 hounds
  16 orc priests
  A bombardier beetle (D:4)
  A bullfrog skeleton (D:4)
  4 jellies
  2 gnoll boudas
  Natasha (thrice) (D:4)
  2 sleepcaps (D:7)
  5 iguanas
  19 orc wizards
  A scorpion zombie (D:4)
  2 wolf simulacra (Lair:3)
  A centaur simulacrum (D:4)
  Robin (D:2)
  15 gnolls
  6 adders
  3 shadow imps
  2 white imps
  2 adder skeletons (D:4)
  2 ribbon worms
  2 dart slugs
  73 orcs
  8 endoplasms
  8 giant cockroaches
  13 goblins
  8 hobgoblins
  15 kobolds
  7 quokkas
  5 ball pythons
  14 bats
  3 frilled lizards
  4 rats
  A spectral hobgoblin (D:5)
520 creatures vanquished.

Vanquished Creatures (others)
  A hydra (Lair:2)
  A catoblepas (D:14)
  A naga (Lair:3)
3 creatures vanquished.

Grand Total: 523 creatures vanquished

Notes
Turn   | Place    | Note
-------+----------+-------------------------------------------
     0 | D:1      | Cheops the Formicid Fighter began the quest for the Orb.
     0 | D:1      | Reached XP level 1. HP: 18/18 MP: 1/1
    58 | D:1      | Found a faded altar of an unknown god.
   109 | D:1      | Reached XP level 2. HP: 23/24 MP: 2/2
   296 | D:1      | Reached skill level 3 in Polearms
   593 | D:1      | Reached XP level 3. HP: 29/29 MP: 3/3
   694 | D:2      | Noticed Sigmund
   700 | D:2      | Killed Sigmund
   701 | D:2      | Reached skill level 5 in Polearms
   701 | D:2      | Reached XP level 4. HP: 18/35 MP: 4/4
   701 | D:2      | Reached XP level 5. HP: 21/41 MP: 5/5
   834 | D:2      | Reached XP level 6. HP: 47/47 MP: 6/6
  1002 | D:2      | Noticed Robin
  1029 | D:2      | Killed Robin
  1030 | D:2      | Reached skill level 6 in Polearms
  2379 | D:4      | Found a staircase to the Ecumenical Temple.
  2453 | D:4      | Noticed Natasha
  2474 | D:4      | Killed Natasha
  2475 | D:4      | Reached XP level 7. HP: 41/52 MP: 7/7
  2476 | D:4      | Reached skill level 7 in Polearms
  2608 | D:4      | Identified the +4 dagger of Qazlal, Breathing {pain, rPois
                  | rF- rCorr Str+5}
  2632 | D:4      | Noticed Grinder
  2665 | D:4      | Killed Grinder
  2666 | D:4      | Reached skill level 8 in Polearms
  2666 | D:4      | Reached XP level 8. HP: 47/58 MP: 8/8
  2749 | D:4      | Noticed Pikel
  2771 | D:4      | Killed Pikel
  2772 | D:4      | Reached skill level 10 in Polearms
  2838 | D:4      | Noticed Natasha
  2851 | D:4      | Killed Natasha
  2869 | D:4      | Noticed Natasha
  2882 | D:4      | Killed Natasha
  3297 | D:5      | Entered Level 5 of the Dungeon
  3303 | D:5      | Found a bloodstained altar of Trog.
  3396 | D:5      | Reached XP level 9. HP: 64/64 MP: 9/9
  3591 | D:5      | Reached skill level 11 in Polearms
  4006 | D:5      | Found a hazy altar of Hepliaklqana.
  4578 | Temple   | Entered the Ecumenical Temple
  4607 | Temple   | Became a worshipper of Ru the Awakened
  4893 | D:6      | Found a hide-covered altar of Uskayaw.
  4906 | D:6      | Reached skill level 12 in Polearms
  4953 | D:6      | Noticed a two-headed ogre
  4961 | D:6      | Killed a two-headed ogre
  4962 | D:6      | Reached skill level 13 in Polearms
  4991 | D:6      | Found a radiant altar of Vehumet.
  5018 | D:6      | Reached XP level 10. HP: 70/70 MP: 10/10
  5041 | D:6      | Found Manupnuu's Weapon Boutique.
  5114 | D:6      | Found a blossoming altar of Fedhas.
  5508 | D:7      | Found Taru's Antique Armour Shop.
  5573 | D:7      | Identified the +9 longbow of False Accusations {speed,
                  | rPois Str+4 Int+3}
  5635 | D:7      | Gained mutation: You cannot study or cast Air magic. [Ru
                  | sacrifice]
  5635 | D:7      | Gained mutation: You cannot study or cast Alchemy magic.
                  | [Ru sacrifice]
  5635 | D:7      | Gained mutation: You cannot study or cast Necromancy magic.
                  | [Ru sacrifice]
  5635 | D:7      | Reached * piety under Ru
  5844 | D:7      | Found a burning altar of Makhleb.
  5848 | D:7      | Found a basalt altar of Yredelemnul.
  5850 | D:7      | Found a snail-covered altar of Cheibriados.
  6062 | D:7      | Reached skill level 14 in Polearms
  6527 | D:8      | Noticed Prince Ribbit
  6539 | D:8      | Killed Prince Ribbit
  6540 | D:8      | Reached skill level 5 in Fighting
  6781 | D:8      | Found an opulent altar of Gozag.
  7237 | D:8      | Found a glowing silver altar of Zin.
  7238 | D:8      | Noticed an angel
  7515 | D:9      | Found a transporter.
  7522 | D:9      | Noticed an orc sorcerer
  7636 | D:9      | Gained mutation: You are sensitive to extremes of
                  | temperature. (rF-, rC-) [Ru sacrifice]
  7636 | D:9      | Reached ** piety under Ru
  7636 | D:9      | Reached *** piety under Ru
  7735 | D:9      | Noticed an orc high priest
  7735 | D:9      | Noticed a kobold demonologist
  7735 | D:9      | Noticed a kobold demonologist
  7736 | D:9      | Noticed a fire crab
  7791 | D:9      | Found a transporter.
  7846 | D:9      | Noticed Erica
  7862 | D:9      | Killed Erica
  7863 | D:9      | Reached XP level 11. HP: 55/86 MP: 11/11
  8325 | D:9      | Reached skill level 15 in Polearms
  8339 | D:10     | Entered Level 10 of the Dungeon
  8366 | D:10     | Found a staircase to the Lair.
  8427 | D:10     | Noticed a two-headed ogre
  8446 | D:10     | Killed a two-headed ogre
  8973 | D:10     | Reached skill level 16 in Polearms
  9487 | D:1      | Found a faded altar of an unknown god.
 11232 | D:4      | Found a staircase to the Ecumenical Temple.
 11645 | D:5      | Found a bloodstained altar of Trog.
 12177 | D:5      | Found a hazy altar of Hepliaklqana.
 12391 | D:6      | Found a hide-covered altar of Uskayaw.
 12435 | D:6      | Found a blossoming altar of Fedhas.
 12640 | D:6      | Found a radiant altar of Vehumet.
 12726 | D:6      | Found Manupnuu's Weapon Boutique.
 13016 | D:7      | Found a burning altar of Makhleb.
 13020 | D:7      | Found a basalt altar of Yredelemnul.
 13022 | D:7      | Found a snail-covered altar of Cheibriados.
 13173 | D:7      | Found Taru's Antique Armour Shop.
 13963 | D:8      | Found an opulent altar of Gozag.
 14124 | D:8      | Found a glowing silver altar of Zin.
 14656 | D:9      | Found a transporter.
 14755 | D:9      | Found a transporter.
 14908 | D:10     | Found a staircase to the Lair.
 15416 | D:11     | Noticed a cyan ugly thing
 15417 | D:11     | Reached skill level 1 in Ranged Weapons
 15439 | D:11     | Killed a cyan ugly thing
 15615 | D:11     | Noticed a two-headed ogre
 15636 | D:11     | Killed a two-headed ogre
 15637 | D:11     | Reached skill level 5 in Ranged Weapons
 15637 | D:11     | Reached XP level 12. HP: 60/92 MP: 12/12
 15702 | D:11     | Gained mutation: You are frail. (-10% HP) [Ru sacrifice]
 15702 | D:11     | Reached **** piety under Ru
 15702 | D:11     | Reached ***** piety under Ru
 15808 | D:11     | Found a staircase to the Orcish Mines.
 16336 | D:12     | Noticed a boulder beetle
 16354 | D:11     | Killed a boulder beetle
 16528 | D:12     | Noticed a two-headed ogre
 16551 | D:12     | Killed a two-headed ogre
 16583 | D:12     | Noticed Josephine
 16595 | D:12     | Killed Josephine
 16603 | D:12     | Reached skill level 10 in Ranged Weapons
 16715 | D:12     | Found Onuvo's Antique Weapon Shoppe.
 16780 | D:12     | Reached XP level 13. HP: 88/88 MP: 13/13
 17030 | D:13     | Noticed a catoblepas
 17047 | D:13     | Found a gate leading to a gauntlet.
 17057 | Gauntlet | Entered a Gauntlet
 17057 | Gauntlet | Noticed a catoblepas
 17057 | Gauntlet | Found a transporter.
 17057 | Gauntlet | Found a transporter.
 17057 | Gauntlet | Found a transporter.
 17067 | Gauntlet | Found a transporter.
 17073 | Gauntlet | Found a transporter.
 17081 | Gauntlet | Found a transporter.
 17086 | Gauntlet | Found a transporter.
 17098 | Gauntlet | Found a transporter.
 17103 | Gauntlet | Found the amulet of the Air {Inacc Air Fly rElec RMsl}
 17107 | Gauntlet | Found a transporter.
 17108 | Gauntlet | Noticed a green death
 17127 | Gauntlet | Found a transporter.
 17129 | Gauntlet | Found a transporter.
 17139 | Gauntlet | Found a transporter.
 17244 | Gauntlet | Killed a catoblepas
 17245 | Gauntlet | Reached skill level 5 in Shields
 17357 | Gauntlet | Killed a green death
 17406 | Gauntlet | Noticed a minotaur
 17411 | Gauntlet | Killed a minotaur
 17517 | D:13     | Noticed a centaur warrior
 17550 | D:13     | Killed a centaur warrior
 17603 | D:13     | Gained mutation: You cannot be stealthy. [Ru sacrifice]
 17750 | D:13     | Noticed a centaur warrior
 17753 | D:13     | Killed a centaur warrior
 17818 | D:13     | Noticed a centaur warrior
 17821 | D:13     | Noticed a fire dragon
 17826 | D:13     | Noticed a centaur warrior
 17828 | D:13     | You fall into a shaft and drop 2 floors!
 17828 | D:15     | Entered Level 15 of the Dungeon
 17828 | D:15     | Found a blossoming altar of Fedhas.
 17874 | D:15     | Noticed an ogre mage
 17894 | D:15     | Killed an ogre mage
 17909 | D:15     | Reached skill level 17 in Polearms
 18124 | D:15     | Noticed an ice dragon
 18382 | D:14     | Noticed a catoblepas
 18387 | D:14     | Killed a catoblepas
 18388 | D:14     | Reached XP level 14. HP: 92/94 MP: 14/14
 18616 | Lair:1   | Entered Level 1 of the Lair of Beasts
 18657 | Lair:1   | Reached skill level 10 in Shields
 18709 | Lair:1   | Reached skill level 1 in Evocations
 18885 | Lair:1   | Noticed Jeremiah
 18931 | Lair:1   | Killed Jeremiah
 19100 | Lair:1   | Noticed Gastronok
 19118 | Lair:1   | Killed Gastronok
 19119 | Lair:1   | Reached skill level 5 in Evocations
 20729 | Lair:3   | Found a staircase to the Swamp.
 20798 | Lair:3   | Got the Papyrus of Overhead Correspondence
 20971 | Lair:3   | Reached skill level 5 in Armour
 21044 | Lair:3   | Identified the ring "Moerosk" {rF+ EV+5 Str+4 Stlth+}
 21078 | Lair:3   | Found a dark tunnel.
 21126 | Volcano  | Entered a volcano
 21299 | Volcano  | Reached XP level 15. HP: 99/99 MP: 15/15
 21437 | Volcano  | Identified the +1 pair of gloves "Dafis" {Int+3}
 21890 | Lair:3   | Found a staircase to the Snake Pit.
 22229 | Lair:3   | HP: 3/93 [jorogumo/bolt of negative energy (22)]
 22232 | Lair:3   | Gained mutation: You do not regenerate when monsters are
                  | visible. [potion of mutation]
 22232 | Lair:3   | Gained mutation: You passively map a small area around you.
                  | [potion of mutation]
 22234 | Lair:3   | Killed from afar by a jorogumo

Illustrated notes

Levels and vault maps discovered:
D:1:      giann_wishing_wells, layout_basic, basic_ecumenical_altar,
          serial_bayou_crossing
D:2:      layout_rooms, uniq_robin, uniq_sigmund
D:3:      layout_loops_ring, st_stairs_12, roderic_batcave, minmay_unequal
D:4:      layout_loops_cross, minmay_temple_entry_sparse_star,
          hangedman_decor_diamond_cutter, dilly_guarded_unrand_morg, uniq_pikel,
          uniq_grinder
D:5:      layout_basic, mainiacjoe_overflow_paths,
          nicolae_hepliaklqana_monster_ancestors, hangedman_decor_growths
D:6:      layout_loops_ring, mainiacjoe_overflow_surrounded_room,
          nicolae_vehumet_altar_sigil, mainiacjoe_overflow_small_starburst,
          serial_shops, shop
D:7:      nicolae_cairo_tiling_large_dashed, layout_gridville, minitemple,
          serial_shops, nicolae_shop_tiny_real_fake_doors
D:8:      layout_basic, zin_angel,
          nicolae_gozag_cash_rules_everything_around_me, special_room
          [special_room_orc], uniq_prince_ribbit1
D:9:      gammafunk_wand_slinger, layout_irregular_city, uniq_erica
D:10:     layout_roguey, erik_lair_orcish_takeover
D:11:     layout_loops_cross, hiddenorc1_lemuel
D:12:     layout_rooms, serial_shops, nicolae_shop_back_alley_shop,
          einodemon_barbed_minivault, uniq_josephine
D:13:     nzn_winding_woodlands_cross [nzn_winding_woodlands_5x15_twine,
          nzn_winding_woodlands_5x15_pool, nzn_winding_woodlands_5x15_eye,
          nzn_winding_woodlands_5x15_crooked,
          nzn_winding_woodlands_15x15_boxy_spiral], layout_loops_corners,
          gauntlet_entry_generic, chequers_mini_garden, kb_rosetta
D:14:     due_megacathedral, layout_basic, grunt_vaults_entry_fortified
D:15:     hangedman_depths_entry_try_elsewhere_first, layout_rooms,
          fedhas_altar_2, serial_shops, nicolae_shop_window_shopping, hex_tiny
Temple:   nicolae_temple_godzebo
Lair:1:   layout_small_grid, grunt_megastairs_2, uniq_gastronok, uniq_jeremiah
Lair:2:   layout_hall_layers, minmay_holes, chequers_serial_rivers_micro_e
Lair:3:   dreamdust_isle_of_ice, layout_gridlike, minmay_swamp_entry_reptiles,
          minmay_snake_entry_guardpost_small, enter_volcano_2,
          nzn_sisyphean_effort, lemuel_fruit_tree, grunt_megastairs_4,
          uniq_rupert

Skill      XL: |  1  2  3  4  5  6  7  8  9 10 11 12 13 14 15 |
---------------+----------------------------------------------+-----
Polearms       | 3 5 6 8 10 13 14 16 17 | 17.8
Fighting       | 8 |  8.0
Ranged Weapons | 5 11 12 13 | 13.0
Shields        | 8 10 | 10.3
Evocations     | 9 |  9.0
Armour         | 5 |  5.0

Action                     |  1- 3 |  4- 6 |  7- 9 | 10-12 | 13-15 || total
---------------------------+-------+-------+-------+-------+-------++-------
  Melee: Trident           |    56 |   234 |   255 |   369 |     3 ||   917
         Halberd           |       |       |       |   555 |   625 ||  1180
         Glaive            |       |       |       |       |    89 ||    89
   Fire: Longbow           |       |       |       |    15 |    75 ||    90
 Invoke: Sacrifice Arcana  |       |       |       |     1 |       ||     1
         Sacrifice Resista |       |       |       |     1 |       ||     1
         Power Leap        |       |       |       |     1 |     7 ||     8
         Sacrifice Health  |       |       |       |     1 |       ||     1
         Sacrifice Stealth |       |       |       |       |     1 ||     1
         Reject Sacrifices |       |       |       |       |     1 ||     1
Ability: Dig               |       |       |       |     1 |     7 ||     8
         Shaft Self        |       |       |       |       |     1 ||     1
  Evoke: Wand              |       |       |    12 |     3 |     7 ||    22
    Use: Potion            |     1 |       |     1 |     1 |     7 ||    10
         Scroll            |       |       |     4 |     7 |    12 ||    23
   Stab: Held in net/web   |       |       |       |     1 |       ||     1
         Invisible         |       |       |       |     4 |     9 ||    13
         Distracted        |       |       |       |     3 |     2 ||     5
         Paralysed         |       |       |       |       |     2 ||     2
 Armour: Scale mail        |    18 |    31 |       |       |       ||    49
         Chain mail        |       |   100 |    95 |       |    59 ||   254
         Plate armour      |       |       |    14 |   357 |   305 ||   676
         Leather armour    |       |       |       |       |    25 ||    25
         Ring mail         |       |       |       |       |     6 ||     6
  Dodge: Dodged            |    24 |    80 |    51 |   265 |   228 ||   648
         Repelled          |       |       |       |       |     3 ||     3
  Block: Buckler           |     3 |    55 |    30 |   108 |     2 ||   198
         Kite shield       |       |       |       |       |   374 ||   374
